AoeStats
← Boris the Beast

Fortress

507546570Analyzed
2v2 RM · 13d ago on Sep 18, 2026· 46m 59s· 4 players
Game mode
Random Map
Map size
Normal (6 player)
Population
200
Speed
Normal
Resources
Standard
Victory
Conquest
Starting age
Dark Age
Ending age
Imperial Age
RankedLock teamsTeams togetherTeam positionsShared explorationLock speedFull tech treeHidden civsTurbo modeCheats
Victory
Defeat
🇫🇷 Mongols · France
1128
+11
🇩🇪 Poles · Germany
984
+18
🇩🇪 Turks · Germany
1026
-15
🇩🇪 Spanish · Germany
1012
-14
Nostradamos7031
2:31 Loom
6:57 Feudal Age
12:53 Castle Age
11:09 Double-Bit Axe
11:42 Fletching
11:39 Horse Collar
15:16 Bow Saw
18:25 Town Watch
19:17 Wheelbarrow
18:56 Bodkin Arrow
19:03 Town Watch
20:32 Heavy Plow
20:39 Padded Archer Armor
21:03 Husbandry
22:13 Bloodlines
22:52 Thumb Ring
24:27 Leather Archer Armor
26:46 Ballistics
29:34 Imperial Age
27:38 Masonry
28:43 Scale Barding Armor
29:24 Hand Cart
30:44 Bracer
31:49 Chemistry
32:15 Chain Barding Armor
31:17 Light Cavalry
32:08 Town Patrol
32:37 Conscription
32:25 Hussar
33:16 Forging
34:50 Iron Casting
35:44 Parthian Tactics
36:34 Blast Furnace
36:25 Caravan
37:29 Hoardings
36:15 Elite Mangudai
38:58 Siege Engineers
39:05 Fortified Wall
39:03 Gold Mining
39:03 Stone Mining
JhonDir
1:11 Loom
8:20 Feudal Age
9:57 Double-Bit Axe
11:47 Man-at-Arms
13:11 Horse Collar
16:33 Castle Age
16:19 Bloodlines
17:27 Gold Mining
17:42 Light Cavalry
20:53 Bow Saw
21:21 Town Watch
22:30 Stone Mining
23:12 Szlachta Privileges
23:36 Husbandry
24:44 Scale Barding Armor
24:50 Forging
25:58 Treadmill Crane
26:13 Murder Holes
27:13 Iron Casting
28:03 Chain Barding Armor
28:22 Masonry
33:26 Imperial Age
32:59 Stone Shaft Mining
32:33 Scale Mail Armor
32:24 Fletching
32:34 Padded Archer Armor
33:49 Cavalier
36:03 Blast Furnace
34:58 Bodkin Arrow
35:19 Chain Mail Armor
37:41 Squires
37:26 Arson
37:03 Pikeman
39:59 Ballistics
40:41 Chemistry
39:57 Fortified Wall
44:16 Winged Hussar
46:26 Wheelbarrow
45:51 Town Patrol
45:37 Elite Obuch
46:42 Lechitic Legacy
Steve the Thief
0:59 Loom
8:39 Feudal Age
10:19 Double-Bit Axe
14:13 Castle Age
12:17 Padded Archer Armor
12:36 Horse Collar
17:54 Imperial Age
17:03 Leather Archer Armor
20:03 Ring Archer Armor
19:29 Gold Mining
23:43 Wheelbarrow
23:12 Heavy Plow
25:40 Hand Cart
31:19 Bloodlines
30:32 Heavy Camel Rider
31:15 Town Watch
32:24 Gold Shaft Mining
33:27 Conscription
33:50 Husbandry
34:32 Scale Barding Armor
34:39 Forging
37:31 Chain Barding Armor
37:47 Iron Casting
37:55 Fletching
39:36 Town Patrol
40:50 Parthian Tactics
39:46 Heavy Cavalry Archer
41:06 Hoardings
43:55 Thumb Ring
45:47 Masonry
45:48 Fortified Wall
Boris the Beast
4:23 Loom
8:20 Feudal Age
8:53 Double-Bit Axe
9:01 Gold Mining
8:54 Horse Collar
14:47 Castle Age
13:44 Forging
13:41 Scale Barding Armor
13:45 Fletching
14:56 Padded Archer Armor
16:14 Iron Casting
17:13 Leather Archer Armor
18:29 Bow Saw
22:06 Husbandry
22:17 Bloodlines
28:23 Wheelbarrow
28:50 Squires
28:10 Pikeman
29:48 Bodkin Arrow
30:57 Elite Skirmisher
33:33 Thumb Ring
37:12 Chain Barding Armor
42:27 Imperial Age
43:01 Heavy Plow
42:40 Capped Ram
43:55 Bracer
45:08 Ring Archer Armor
46:31 Halberdier
Connection lost

Rejoining the realm…

Still unreachable

The connection could not be restored.

Session expired

The server has moved on; the page needs a fresh start.